 Dungeon Sprint DCSS version 0.31.0-1-g2c135a0 (webtiles) character file.

Game seed: 16910482444863731906

1200000 sdynet the Spry (level 13, -21/115 HPs)
             Began as a Djinni Gladiator on Jan 21, 2024.
             Was a Follower of Makhleb.
             Demolished by a meat berserker
             ... wielding a +9 battleaxe
              (69 damage)
             ... in the Dungeon (Sprint VIII: "Arena of Blood").
             The game lasted 00:01:04 (12 turns).

sdynet the Spry (Djinni Gladiator)                    Turns: 12, Time: 00:01:04

Health: -21/115    AC:  4    Str: 13    XL:     13   Next: 12%
Gold:   0          EV: 25    Int: 11    God:    Makhleb [*.....] SH:  0 Dex: 19

rFire   + + .        a - +∞ Axe of Woe {!d}
rCold   x . .        (shield currently unavailable)
rNeg    . . .        b - +0 leather armour
rPois   ∞            c - +0 helmet
rElec   .            (no cloak)
rCorr   .            (no gloves)
SInv    .            (boots unavailable)
Will    +....        (no amulet)
Stlth   +            l - +30 ring of slaying
HPRegen 0.39/turn    (no ring)
MPRegen 0.00/turn

%: no teleportation, infuse magic (-22 HP)
@: flying
A: sickness immunity, fire resistance 2, cold vulnerability 1, float, innate
caster, HP casting, extra vitality 1
a: Renounce Religion


You were in the Dungeon.
You worshipped Makhleb.
Makhleb was aware of your devotion.
You visited 1 branch

Inventory:

Hand Weapons
 a - the +∞ Axe of Woe (weapon) {!d}
   (You found it in the Dungeon)
 k - a +0 war axe
Missiles
 d - 3 throwing nets (quivered)
 e - a javelin
Armour
 b - a +0 leather armour (worn)
 c - a +0 helmet (worn)
Jewellery
 l - a +30 ring of slaying (left hand)
Scrolls
 j - a scroll of blinking
Potions
 f - a potion of curing {!q}
 g - a potion of heal wounds {!q}
 h - a potion of haste {!q}
 i - a potion of berserk rage {!q}


   Skills:
 + Level 18.9 Fighting
 + Level 16.2 Axes
 - Level 1.5 Throwing
 + Level 20.5 Dodging


You knew the following spells:

 Your Spells              Type           Power      Damage    Failure   Level
a - Necrotise             Necr           0%         1d4       41%         1
b - Scorch                Fire           0%         2d5       56%         2
c - Searing Ray           Conj           0%         2d4       56%         2
d - Brom's Barrelling Bo  Conj/Erth      0%         2d3       99%         4
e - Dimensional Bullseye  Hex/Tloc       0%         N/A       99%         4
f - Arcjolt               Conj/Air       0%         1d10      100%        5
Your spell library was empty.


Dungeon Overview and Level Annotations

Branches:
Dungeon (1/1)

Altars:
Makhleb


Innate Abilities, Weirdness & Mutations

You are immune to sickness and miasma.
You are immune to poison.
Your flesh is very heat resistant. (rF++)
You are vulnerable to cold. (rC-)
You float through the air rather than walking.
You learn spells naturally, not from books.
Your magical power is your life essence.
You have superior vitality. (+4 MHP)


Message History

A meat berserker comes into view. It is wielding a +9 battleaxe.
There is a staircase leading out of the dungeon, spattered with blood here.
Things that are here:
a +9 war axe; a +30 ring of slaying; a bag of meat corpse
l - a +30 ring of slaying The bag of meat shouts!
A meat berserker comes into view. It is wielding a +9 battleaxe.
A bag of meat comes into view. It is wielding a +9 war axe.
l - a +30 ring of slaying (left hand)
A bag of meat comes into view. It is wielding a +9 war axe.
The bag of meat shouts!
You slice the bag of meat!! You chop the bag of meat into pieces.
You kill the bag of meat!
Makhleb accepts your kill.
You can now gain health from killing.
You hit the bag of meat.
You dissect the bag of meat like a pig carcass.
You kill the bag of meat!
Makhleb accepts your kill.
The meat berserker appears out of thin air!
A meat berserker comes into view. It is wielding a +9 battleaxe.
The meat berserker shouts!
You hear a shout! x2
A bag of meat comes into view. It is wielding a +9 war axe. x3
A meat berserker comes into view. It is wielding a +9 battleaxe.
You hear a shout!
Your Fighting skill gained 3 levels and is now at level 18!
Your Axes skill gained 3 levels and is now at level 16!
Your Dodging skill gained 4 levels and is now at level 20!
You have reached level 12!
You feel clever.
You have reached level 13!
The power to cast Arcjolt wells up from within.
Spell assigned to 'f'.
A bag of meat comes into view. It is wielding a +9 war axe.
The bag of meat shouts!
The meat berserker rages.
The meat berserker hits you with a +9 battleaxe!!!
Ouch! That really hurt!
The meat berserker hits you with a +9 battleaxe!!!
Ouch! That really hurt!
You die...

..... .. #o..
..# . #.o. O.#
..###Oo. ..###.
......###......
....._......
#.O...# #_.@O_#
#.)...#
....o.)_.......
......###......
..###... ..###.
. #... ..# #...
o# o.... .. ..
.o


You could see 4 meat berserkers and 6 bags of meat.

Vanquished Creatures
  3 orcs (D)
3 creatures vanquished.

Notes
Turn   | Place    | Note
-------+----------+-------------------------------------------
     0 | D        | Found the +∞ Axe of Woe
     0 | D        | sdynet the Djinni Gladiator began the quest for the Orb.
     0 | D        | Reached XP level 1. HP: 18/18 MP: 0/0
     2 | D        | Noticed a bag of meat
     4 | D        | Became a worshipper of Makhleb the Destroyer
     5 | D        | Noticed a bag of meat
     6 | D        | Killed a bag of meat
     6 | D        | Noticed a bag of meat
     7 | D        | Reached skill level 15 in Fighting
     7 | D        | Reached skill level 16 in Dodging
     7 | D        | Reached XP level 2. HP: 43/43 MP: 0/0
     7 | D        | Reached XP level 3. HP: 49/49 MP: 0/0
     7 | D        | Learned a level 1 spell: Necrotise
     7 | D        | Reached XP level 4. HP: 55/55 MP: 0/0
     7 | D        | Reached XP level 5. HP: 60/60 MP: 0/0
     7 | D        | Learned a level 2 spell: Scorch
     7 | D        | Reached XP level 6. HP: 67/67 MP: 0/0
     7 | D        | Reached XP level 7. HP: 72/72 MP: 0/0
     7 | D        | Learned a level 2 spell: Searing Ray
     7 | D        | Reached XP level 8. HP: 78/78 MP: 0/0
     7 | D        | Reached XP level 9. HP: 84/84 MP: 0/0
     7 | D        | Learned a level 4 spell: Brom's Barrelling Boulder
     7 | D        | Reached XP level 10. HP: 90/90 MP: 0/0
     7 | D        | Reached XP level 11. HP: 95/95 MP: 0/0
     7 | D        | Learned a level 4 spell: Dimensional Bullseye
     7 | D        | Noticed a bag of meat
     7 | D        | Noticed a meat berserker
     8 | D        | Noticed a meat berserker
     8 | D        | Noticed a bag of meat
    10 | D        | Noticed a bag of meat
    11 | D        | Killed a bag of meat
    11 | D        | Reached * piety under Makhleb
    11 | D        | Killed a bag of meat
    11 | D        | Noticed a meat berserker
    11 | D        | Noticed a bag of meat
    11 | D        | Noticed a bag of meat
    11 | D        | Noticed a bag of meat
    11 | D        | Noticed a meat berserker
    12 | D        | Reached skill level 20 in Dodging
    12 | D        | Reached XP level 12. HP: 110/110 MP: 0/0
    12 | D        | Reached XP level 13. HP: 115/115 MP: 0/0
    12 | D        | Learned a level 5 spell: Arcjolt
    12 | D        | Noticed a bag of meat
    12 | D        | Demolished by a meat berserker

Illustrated notes

Levels and vault maps discovered:
D:        meatsprint

Skill      XL: |  1  2  3  4  5  6  7  8  9 10 11 |
---------------+----------------------------------+-----
Fighting       | 15 18 | 18.9
Axes           | 13 16 | 16.2
Dodging        | 16 20 | 20.5
Throwing       | |  1.5

Action                     |  1- 3 |  4- 6 |  7- 9 | 10-12 | 13-15 || total
---------------------------+-------+-------+-------+-------+-------++-------
  Melee: Executioner's axe |     1 |       |       |     1 |       ||     2
 Armour: Leather armour    |       |       |       |       |     2 ||     2
